[Event "50th La Roda Open 2024"]
[Site "La Roda"]
[Date "2024.03.30"]
[Round "7.14"]
[White "Buendia Pinar, Alvaro"]
[Black "Lotero, Camilo"]
[Result "1-0"]
[ECO "E52"]
[WhiteElo "2331"]
[BlackElo "2135"]
[Annotator "RC"]
[PlyCount "91"]
[EventDate "2024.03.27"]
[EventType "swiss"]
[EventCountry "ESP"]
[SourceTitle "playchess.com"]
[Source "ChessBase"]
[SourceQuality "1"]
[TimeControl "5400+30"]

1. d4 Nf6 2. Nf3 e6 3. c4 b6 4. Nc3 Bb7 5. e3 Bb4 6. Bd3 O-O 7. O-O d5 8. cxd5 exd5 9. Qc2 c5 10. a3 Ba5 11. Rb1 Qe7 12. Bd2 Nc6 13. Rfe1 c4 14. Bf1 Bxc3 15. Bxc3 Ne4 16. Nd2 Nxc3 17. Qxc3 b5 18. e4 dxe4 19. Nxe4 Rad8 20. Rbd1 Ba8 21. d5 Nb8 22. d6 Qh4 23. Ng3 Nd7 24. Qa5 Nc5 25. Qxb5 Nd3 26. Bxd3 cxd3 27. Qxd3 f5 28. Qd4 f4 29. Re7 Qg5 30. Ne4 Qg6 31. f3 h5 32. Qc4+ Kh7 33. Qe6 Bxe4 34. Qxe4 Qxe4 35. Rxe4 Rf6 36. d7 Rf7 37. Red4 a5 38. Rd5 Kh6 39. b4 axb4 40. axb4 g6 41. b5 Rf6 42. Rd6 Rf5 43. R1d5 Rff8 44. b6 Rb8 45. d8=Q Rfxd8 46. Rxd8 1-0

[Event "50th La Roda Open 2024"]
[Site "La Roda"]
[Date "2024.03.30"]
[Round "7.15"]
[White "Gomez Falagan, Daniel"]
[Black "Hurtado, Felipe"]
[Result "0-1"]
[ECO "E44"]
[WhiteElo "2319"]
[BlackElo "2087"]
[Annotator "RC"]
[PlyCount "62"]
[EventDate "2024.03.27"]
[EventType "swiss"]
[EventCountry "ESP"]
[SourceTitle "playchess.com"]
[Source "ChessBase"]
[SourceQuality "1"]
[TimeControl "5400+30"]

1. d4 Nf6 2. c4 e6 3. Nc3 Bb4 4. e3 b6 5. Nge2 Ne4 6. Qc2 Bb7 7. a3 Bxc3+ 8. Nxc3 Nxc3 9. Qxc3 d6 10. b3 Qh4 11. d5 Nd7 12. dxe6 fxe6 13. Qd4 Qe7 14. Bb2 e5 15. Qg4 O-O-O 16. O-O-O h5 17. Qh3 Rdf8 18. f3 g5 19. Kb1 Kb8 20. Be2 Nf6 21. Qg3 h4 22. Qf2 h3 23. gxh3 Rxh3 24. Rhg1 Qh7+ 25. Bd3 Qh6 26. c5 bxc5 27. e4 Nxe4 28. Qe2 Rxh2 29. Qe1 Nf2 30. Rd2 Nxd3 31. Rxd3 Qg6 0-1

[Event "50th La Roda Open 2024"]
[Site "La Roda"]
[Date "2024.03.30"]
[Round "7.16"]
[White "Ramiro Ovejero, Juan Luis"]
[Black "Haering Hijon, Javier"]
[Result "1-0"]
[ECO "A47"]
[WhiteElo "2316"]
[BlackElo "2045"]
[Annotator "RC"]
[PlyCount "57"]
[EventDate "2024.03.27"]
[EventType "swiss"]
[EventCountry "ESP"]
[SourceTitle "playchess.com"]
[Source "ChessBase"]
[SourceQuality "1"]
[TimeControl "5400+30"]

1. d4 Nf6 2. Nf3 e6 3. Bg5 b6 4. e3 Bb7 5. Nbd2 c5 6. Bd3 Be7 7. Qe2 Nc6 8. c3 cxd4 9. exd4 O-O 10. Bxf6 Bxf6 11. h4 g6 12. O-O-O Ne7 13. Kb1 Nd5 14. g3 d6 15. h5 e5 16. hxg6 hxg6 17. dxe5 dxe5 18. Be4 Qc7 19. c4 Nb4 20. Bxb7 Qxb7 21. Nxe5 Rfe8 22. f4 Nc6 23. Ndf3 Qc7 24. Rde1 Kg7 25. Qe4 Re6 26. Nd4 Rae8 27. Ndxc6 Rxc6 28. Qxc6 Bxe5 29. Qxe8 1-0

[Event "50th La Roda Open 2024"]
[Site "La Roda"]
[Date "2024.03.31"]
[Round "8.1"]
[White "Aravindh, Chithambaram VR."]
[Black "Xu, Xiangyu"]
[Result "1/2-1/2"]
[ECO "E51"]
[WhiteElo "2662"]
[BlackElo "2623"]
[Annotator "TA"]
[PlyCount "21"]
[EventDate "2024.03.27"]
[EventType "swiss"]
[EventCountry "ESP"]
[SourceTitle "playchess.com"]
[Source "ChessBase"]
[SourceQuality "1"]
[TimeControl "5400+30"]

1. d4 Nf6 2. c4 e6 3. Nc3 Bb4 4. e3 O-O 5. Bd2 d5 6. Nf3 Nbd7 {[%emt 0:00:15] The position is equal.} 7. Rc1 Be7 8. Bd3 dxc4 9. Bxc4 c5 10. O-O a6 11. a4 {[%emt 0:07:16] A rather calm draw.   Weighted Error Value: White=0.05 (flawless) /Black=0.06 (flawless) .  OK:         	White=2     	Black=1} 1/2-1/2

[Event "50th La Roda Open 2024"]
[Site "La Roda"]
[Date "2024.03.31"]
[Round "8.2"]
[White "Albornoz Cabrera, Carlos Daniel"]
[Black "Sonis, Francesco"]
[Result "1-0"]
[ECO "C97"]
[WhiteElo "2603"]
[BlackElo "2562"]
[Annotator "RC"]
[PlyCount "145"]
[EventDate "2024.03.27"]
[EventType "swiss"]
[EventCountry "ESP"]
[SourceTitle "playchess.com"]
[Source "ChessBase"]
[SourceQuality "1"]
[TimeControl "5400+30"]

1. e4 e5 2. Nf3 Nc6 3. Bb5 a6 4. Ba4 Nf6 5. O-O Be7 6. Re1 b5 7. Bb3 d6 8. c3 O-O 9. h3 Na5 10. Bc2 c5 11. d4 Qc7 12. Nbd2 Bd7 13. d5 c4 14. Nf1 Nb7 15. g4 h5 16. gxh5 Bxh3 17. N3h2 g6 18. Ng3 Kg7 19. Qf3 Rh8 20. h6+ Kf8 21. a4 Bd7 22. axb5 Bxb5 23. Ba4 Bd7 24. Qe2 Rc8 25. f4 Nc5 26. Bc2 Bb5 27. fxe5 dxe5 28. Be3 Ncd7 29. Rf1 Bc5 30. Rf2 Qb6 31. Bxc5+ Qxc5 32. Raf1 Rxh6 33. Kg2 Rxh2+ 34. Kxh2 Ke7 35. Kg2 Rh8 36. Bd1 Rh7 37. Qd2 Ng8 38. Qg5+ Ke8 39. Bg4 Qe7 40. Qxe7+ Kxe7 41. Bxd7 Bxd7 42. Rh1 Rxh1 43. Kxh1 Nf6 44. Rh2 Ne8 45. Kg2 Kf8 46. Kf3 Kg7 47. Rg2 Kf8 48. Nf1 Kg7 49. Nd2 Nd6 50. b3 cxb3 51. Nxb3 Bb5 52. Nc5 Bc4 53. Rb2 f5 54. Kf2 Kf7 55. Rb6 Ke7 56. Rc6 fxe4 57. Rc7+ Ke8 58. Nb7 Nxb7 59. Rxc4 Kd7 60. Rc6 a5 61. Ke3 Nd6 62. c4 a4 63. c5 Nb7 64. Kxe4 a3 65. Kxe5 a2 66. Ra6 Nxc5 67. Ra7+ Kd8 68. Rxa2 Ke7 69. d6+ Kd7 70. Kd5 Nd3 71. Ra7+ Kd8 72. Rg7 Ke8 73. d7+ 1-0

[Event "50th La Roda Open 2024"]
[Site "La Roda"]
[Date "2024.03.31"]
[Round "8.3"]
[White "Siddharth, Jagadeesh"]
[Black "Iturrizaga Bonelli, Eduardo"]
[Result "1-0"]
[ECO "B38"]
[WhiteElo "2490"]
[BlackElo "2588"]
[Annotator "TA"]
[PlyCount "67"]
[EventDate "2024.03.27"]
[EventType "swiss"]
[EventCountry "ESP"]
[SourceTitle "playchess.com"]
[Source "ChessBase"]
[SourceQuality "1"]
[TimeControl "5400+30"]

1. e4 c5 2. Nf3 Nc6 3. d4 cxd4 4. Nxd4 g6 5. c4 Bg7 6. Be3 Nf6 7. Nc3 O-O 8. Be2 d6 9. O-O Bd7 10. h3 Nxd4 11. Bxd4 Bc6 12. Qc2 a5 13. Rad1 a4 14. c5 {[%emt 0:00:07] White is slightly better.} Qa5 15. cxd6 exd6 16. a3 Rfe8 17. Bd3 Rac8 18. Qd2 Qh5 (18... d5 $14) 19. Qf4 g5 20. Qg3 {[%emt 0:02:00] White is more active.} Nxe4 21. Bxe4 Bxe4 22. Bxg7 (22. Nxa4 $2 Bc2 23. Nc3 Bxd1 24. Bxg7 Be2 25. Nxe2 Kxg7 $19) 22... Kxg7 23. Nb5 Rc2 24. Rde1 (24. Rxd6 Qh4 25. Qxh4 gxh4) 24... Qg6 25. Qxd6 (25. Nxd6 $16 Re6 26. Nxe4 Rxe4 27. Rxe4 Qxe4 28. Qxg5+ Qg6 29. Qf4) 25... Re6 (25... Bc6 $1 $11 {keeps the balance.} 26. Rxe8 Bxe8) 26. Qd4+ $16 Kh6 {[%emt 0:00:11] [#]} (26... Kg8 $16 {keeps fighting.}) 27. Qd8 (27. Qxa4 Rxb2 28. Nd4 Rf6 $11) (27. Qh8 $1 $18 {and the rest is easy. Nd4 is the strong threat.} Bd3 28. Nd4 Rxe1 29. Rxe1) 27... Kg7 28. Re3 (28. f3 $16 Bf5 29. Nd4 Rxe1 30. Rxe1) 28... Rc4 (28... Rxb2 $2 {is the wrong capture.} 29. Nc7 Rbb6 30. Qd4+ (30. Nxe6+ Rxe6 31. Qd4+ Kg8 $18) 30... Kg8 31. Nxe6 Rxe6 32. Rfe1 $18 (32. Qxa4 Bc6 $18)) (28... h6 $1 $11) 29. Nc7 $18 Re5 30. Ne8+ Kh6 $2 (30... Rxe8 31. Qxe8 Qf5) 31. Nd6 {[%emt 0:01:45] [#] Threatens to win with Qf8+. White is clearly winning.} Rc6 32. Qf8+ ({Weaker is} 32. Nxb7 Rb5 $16) 32... Kh5 33. Nxf7 ({Stronger than} 33. Nxb7 Bxg2 34. Rxe5 Bxf1 $11) 33... Ree6 34. g4+ {[%emt 0:00:09][%mdl 32768] Weighted Error Value: White=0.24 (precise) /Black=0.43.  Loses game:     	---       	Black=1      Mistake:       	White=3     	Black=4      Inaccurate:     	---       	Black=1      OK:         	White=8     	Black=6      Best:        	White=2     	Black=1     . Loss on time!?} 1-0

[Event "50th La Roda Open 2024"]
[Site "La Roda"]
[Date "2024.03.31"]
[Round "8.4"]
[White "Karthik Venkataraman"]
[Black "Elias Reyes, Jorge Roberto"]
[Result "1-0"]
[ECO "B22"]
[WhiteElo "2609"]
[BlackElo "2473"]
[Annotator "TA"]
[PlyCount "53"]
[EventDate "2024.03.27"]
[EventType "swiss"]
[EventCountry "ESP"]
[SourceTitle "playchess.com"]
[Source "ChessBase"]
[SourceQuality "1"]
[TimeControl "5400+30"]

1. e4 c5 2. Nf3 e6 3. c3 Nf6 4. e5 Nd5 5. a3 d6 6. d4 cxd4 7. c4 Ne7 {[%emt 0:08:03] [#] Threatens to win with ...dxe5.} 8. exd6 {[%emt 0:03:19] The position is equal.} Qxd6 9. Qxd4 Qxd4 10. Nxd4 a6 {[%emt 0:00:43] Inhibits Nb5.} 11. f4 g6 12. Nc3 Bg7 13. Be3 Bd7 14. O-O-O Nf5 15. Bf2 Nxd4 16. Bxd4 Bxd4 17. Rxd4 Bc6 {[%emt 0:06:32] Black is weak on the dark squares} 18. b4 b6 19. h4 h5 20. Rh3 Nd7 21. Rd6 Rc8 22. c5 bxc5 (22... Rc7 $11) 23. Bxa6 $16 Rc7 (23... Ke7 $142 24. Bxc8 Kxd6 25. Rd3+ Ke7 26. Bxd7 Bxd7) 24. b5 $36 {[%emt 0:01:28][%cal Bb4b5,Bb5a6][%mdl 2080] Black is under strong pressure. White has more active pieces.} Bb7 {[%emt 0:07:40] [#]} (24... Bxg2 $16 {keeps fighting.} 25. Rhd3 Ra7) 25. Rhd3 $1 $18 Bxa6 $2 (25... Ke7 26. Rxd7+ Rxd7 27. Rxd7+ Kxd7) 26. bxa6 c4 27. Rd1 {[%emt 0:00:00] Weighted Error Value: White=0.03 (flawless) /Black=0.28 (precise) .  Loses game:     	---       	Black=1      Mistake:       	---       	Black=3      Inaccurate:     	White=1     	---        OK:         	White=6     	Black=9      Best:        	White=2     	---        Strong:       	White=1     	---} 1-0

[Event "50th La Roda Open 2024"]
[Site "La Roda"]
[Date "2024.03.31"]
[Round "8.5"]
[White "Liu, Zexu"]
[Black "Pranav Vijay"]
[Result "1/2-1/2"]
[ECO "A13"]
[WhiteElo "2325"]
[BlackElo "2252"]
[Annotator "RC"]
[PlyCount "107"]
[EventDate "2024.03.27"]
[EventType "swiss"]
[EventCountry "ESP"]
[SourceTitle "playchess.com"]
[Source "ChessBase"]
[SourceQuality "1"]
[TimeControl "5400+30"]

1. Nf3 Nf6 2. c4 e6 3. g3 d5 4. Bg2 d4 5. O-O c5 6. e3 Nc6 7. exd4 cxd4 8. d3 h6 9. Na3 Bc5 10. Nc2 a5 11. b3 O-O 12. Ba3 Bxa3 13. Nxa3 e5 14. Re1 Re8 15. Nb5 Bg4 16. h3 Bh5 17. g4 Bg6 18. Nh4 Bh7 19. Nf5 Re6 20. c5 Rb8 21. Rc1 Qd7 22. Nbd6 Bg6 23. a3 Qd8 24. Rc4 h5 25. b4 axb4 26. axb4 hxg4 27. hxg4 Bxf5 28. gxf5 Rxd6 29. cxd6 Qxd6 30. Qd2 Ne7 31. Rc5 Nd7 32. Rc4 Nxf5 33. Rec1 Ne7 34. b5 b6 35. Qc2 Nc5 36. Rxc5 bxc5 37. Qxc5 Qe6 38. Ra1 Ng6 39. Qc6 Nf4 40. Ra8 Rxa8 41. Qxa8+ Kh7 42. Qc6 Qb3 43. b6 f5 44. b7 e4 45. Qc8 Qd1+ 46. Kh2 Qh5+ 47. Kg1 Qd1+ 48. Kh2 Qh5+ 49. Kg1 Ne2+ 50. Kf1 Ng3+ 51. Kg1 Ne2+ 52. Kf1 Ng3+ 53. Kg1 Ne2+ 54. Kf1 1/2-1/2

[Event "50th La Roda Open 2024"]
[Site "La Roda"]
[Date "2024.03.31"]
[Round "8.6"]
[White "Gonzalez Lema, Carlos"]
[Black "Peralta, Fernando"]
[Result "0-1"]
[ECO "E48"]
[WhiteElo "2224"]
[BlackElo "2580"]
[Annotator "TA"]
[PlyCount "104"]
[EventDate "2024.03.27"]
[EventType "swiss"]
[EventCountry "ESP"]
[SourceTitle "playchess.com"]
[Source "ChessBase"]
[SourceQuality "1"]
[TimeControl "5400+30"]

1. d4 Nf6 2. c4 e6 3. Nc3 Bb4 4. e3 O-O 5. Bd3 d5 6. Nge2 dxc4 7. Bxc4 c5 8. Bd2 cxd4 9. exd4 Nc6 {[%emt 0:01:49] Black is slightly better.} 10. Be3 b6 11. a3 Bd6 12. h3 Bb7 13. O-O Rc8 14. Qd3 h6 15. Rfd1 Ne7 16. Ba6 Qd7 17. Rac1 Ned5 18. Nxd5 (18. Bxb7 {looks sharper.} Qxb7 19. Nxd5 Nxd5 20. Nc3) 18... Nxd5 19. Rxc8 Qxc8 20. Bxb7 Qxb7 21. Rc1 Rd8 22. Nc3 Nf6 23. Ne2 Bb8 24. Qc2 Nd5 25. Nc3 Ne7 $40 {[%emt 0:12:10][%mdl 128] White needs to defend precisely.} 26. Ne2 b5 27. Qb3 Qd7 28. Rc5 a6 29. Rc1 Nd5 30. Nc3 Nxe3 31. fxe3 Qd6 32. Ne2 e5 $1 33. d5 Ba7 $1 $17 (33... Qxd5 $2 {is the wrong capture.} 34. Qxd5 Rxd5 35. Rc8+ Kh7 36. Rxb8 $18) 34. Rd1 Qb6 35. Rd3 {[%emt 0:02:02] [#]} e4 $1 36. Rd4 Qg6 37. Rd1 Qg5 {[%emt 0:00:35] Black is more active.} 38. d6 (38. Kh1 $17) 38... Qxe3+ (38... Bxe3+ $19 {is more deadly.} 39. Kh1 Bd2) 39. Qxe3 Bxe3+ $19 {[%emt 0:00:04][%mdl 4096] Endgame. KRB-KRN} 40. Kf1 f5 41. d7 (41. a4 $17 {was necessary.}) 41... Kf7 {[%emt 0:00:50] And now ...Ke6 would win.} 42. Nc3 Bf4 {[%emt 0:02:10] Repels Rd6} 43. g4 {[%emt 0:04:44] [#]} g6 44. a4 b4 45. Nd5 Rxd7 46. Ke2 Be5 {[%emt 0:01:09] Hoping for ...f4.} 47. Nxb4 Rb7 48. Nxa6 Rxb2+ 49. Rd2 (49. Ke3 $142 Rb3+ 50. Kf2) 49... Rxd2+ 50. Kxd2 Bd6 {[%emt 0:00:02] Threatens to win with ...Ke6.} 51. gxf5 gxf5 {[%emt 0:00:03] ( -> ...f4)} 52. Kc3 e3 {[%emt 0:00:13] Weighted Error Value: White=0.43/Black=0.09 (flawless) .  Mistake:       	White=4     	Black=1      Inaccurate:     	White=3     	Black=2      OK:         	White=7     	Black=20     Best:        	White=2     	Black=4      Strong:       	---       	Black=2} 0-1

[Event "50th La Roda Open 2024"]
[Site "La Roda"]
[Date "2024.03.31"]
[Round "8.7"]
[White "Martinez Ramirez, Lennis"]
[Black "Newrkla, Katharina"]
[Result "1-0"]
[ECO "E93"]
[WhiteElo "2450"]
[BlackElo "2213"]
[Annotator "TA"]
[PlyCount "89"]
[EventDate "2024.03.27"]
[EventType "swiss"]
[EventCountry "ESP"]
[SourceTitle "playchess.com"]
[Source "ChessBase"]
[SourceQuality "1"]
[TimeControl "5400+30"]

1. d4 Nf6 2. Nf3 g6 3. c4 Bg7 4. Nc3 O-O 5. e4 d6 6. Be2 Nbd7 7. Qc2 e5 8. d5 a5 9. Be3 Ng4 10. Bg5 f6 11. Bd2 {[%emt 0:02:17] White has an edge.} Nc5 12. h3 {[%emt 0:00:49] Prevents f5} Nh6 13. g4 Kh8 (13... f5 $11) 14. O-O-O $16 Bd7 15. Rdg1 c6 16. Be3 cxd5 17. Bxc5 (17. exd5 Qe7 $14) (17. Nxd5 Ba4 18. Qb1 Bc6 $14) (17. cxd5 $6 Rc8 $11) 17... dxc5 18. Nxd5 a4 19. Nd2 {[%emt 0:02:57] White is more active.} Nf7 20. h4 Bh6 {[%emt 0:02:46] [#]} 21. g5 fxg5 $14 22. h5 Ra6 23. Bg4 (23. hxg6 $14 Rxg6 24. Bh5) 23... Bxg4 $11 24. Rxg4 Qd7 25. f3 Nd8 {[%emt 0:01:53][%cal Bf7d8,Bd8c6,Bc6d4][%mdl 32] ...gxh5 is the strong threat.} 26. Qc3 (26. Qd1 $11 {keeps the balance.}) 26... Nc6 $17 27. hxg6 {[%emt 0:03:02] [#]} Nd4 $1 {[%emt 0:00:07] Hoping for ...Ne2+.} 28. Qa3 (28. Rxh6 Ne2+ (28... Rxg6 29. Rh2 $16) 29. Kc2 Nxc3 $19) (28. Rg2 Rxg6) 28... Rxg6 {[%emt 0:00:48][%cal Of8f3] Strongly threatening ...Rxf3!} 29. Qxc5 Rf7 $1 {[%emt 0:05:19][%cal Oh6f8] aiming for ...Bf8!} (29... Nxf3 $2 30. Rxh6 Rf7 31. Rxg6 hxg6 32. Rg3 $18) 30. Ne3 Bf8 (30... Nxf3 31. Nxf3 Rxf3 32. Nf5 Rxf5 (32... Bg7 33. Rd1 $11) 33. Rd1 $11 (33. exf5 Qxf5 34. Qg1 a3 $17)) 31. Qa5 {[%emt 0:14:59] [#]} (31. Qxe5+ $17 Bg7 32. Qa5) 31... a3 $1 $19 (31... Nxf3 32. Nxf3 Rxf3 33. Nf5 $17) 32. Rg2 axb2+ (32... Nxf3 33. Nxf3 Rxf3 34. Nf5) 33. Kb1 {[%emt 0:00:26] White is weak on the dark squares} Nc6 34. Qc3 {[%emt 0:00:53][%cal Oe3f5] Inhibits Qd3+.} Bb4 35. Qc2 Nd4 36. Qxb2 Qa4 (36... Bxd2 $19 {has better winning chances.} 37. Rxd2 Qc7 (37... Rxf3 38. Nf5 $17)) 37. Nd5 (37. Nf5 $17 {was worth a try.} Rd7 38. Nxd4 exd4 (38... Rxd4 39. Nb3 $15) 39. f4) 37... Ba3 (37... Bxd2 $19 {and Black stays clearly on top.} 38. Qxd2 Qxc4 (38... Rxf3 $2 39. Rgh2 $19) (38... Nxf3 $2 39. Qc3 $19)) 38. Qc3 $17 {[%emt 0:00:11][%cal Of3f4] [#]} Rh6 39. Rhg1 $11 Rh5 {[%emt 0:01:21] [#]} (39... Rg7 $11) 40. f4 $1 $14 Rh3 {[%emt 0:00:34] Prevents Nf3} (40... Bc5 41. Nb3) 41. Rxg5 $1 $40 {[%emt 0:01:43][%csl Gg1][%cal Rg5g8][%mdl 128] White wants a kill.} (41. Qxh3 $2 Qc2+ 42. Ka1 Qb2#) 41... h5 $2 {[%emt 0:01:35][%mdl 8192] [#]} 42. f5 $1 $18 {[%emt 0:05:07] White threatens Nb3 and mate.} Rf8 (42... Qb4+ 43. Nxb4) 43. Nb3 {[%emt 0:01:10] White mates.} (43. Qxh3 $2 {leads to mate.} Qc2+ 44. Ka1 Qb2#) 43... Rh2 44. Nxd4 {[%emt 0:01:11] Excellent horsemanship.} Bb2 45. Qg3 {[%emt 0:03:26] Weighted Error Value: White=0.24 (precise) /Black=0.42.  Loses game:     	White=1     	Black=1      Mistake:       	White=4     	Black=5      Inaccurate:     	White=3     	Black=2      OK:         	White=15    	Black=14     Best:        	White=4     	Black=1      Strong:       	White=1     	Black=3      Brilliant:      	White=1     	---} 1-0

[Event "50th La Roda Open 2024"]
[Site "La Roda"]
[Date "2024.03.31"]
[Round "8.8"]
[White "Sanchez Alvarez, Roberto Carlos"]
[Black "Horcajuelo Rocamora, Martin"]
[Result "1-0"]
[ECO "D35"]
[WhiteElo "2407"]
[BlackElo "2183"]
[Annotator "RC"]
[PlyCount "99"]
[EventDate "2024.03.27"]
[EventType "swiss"]
[EventCountry "ESP"]
[SourceTitle "playchess.com"]
[Source "ChessBase"]
[SourceQuality "1"]
[TimeControl "5400+30"]

1. d4 d5 2. c4 e6 3. Nc3 Nf6 4. cxd5 exd5 5. Bg5 c6 6. e3 h6 7. Bh4 Be7 8. Bd3 O-O 9. Nge2 Ne8 10. Bg3 Nd6 11. Qc2 Be6 12. O-O Nd7 13. Nf4 Nf6 14. Nxe6 fxe6 15. Ne2 Nde4 16. Be5 Bd6 17. Nf4 Qd7 18. Ng6 Rfc8 19. f3 Ng5 20. Bxf6 gxf6 21. f4 Nf7 22. Rf3 f5 23. Rg3 Kh7 24. Nh4 Kh8 25. Nxf5 exf5 26. Bxf5 Qe7 27. Bxc8 Rxc8 28. Qg6 Qf8 29. Rf1 Be7 30. Qh5 Rd8 31. f5 Rd6 32. Rg6 Bg5 33. Rf3 Qe7 34. h4 Bxe3+ 35. Kf1 Bd2 36. g3 Rf6 37. Rf2 Qe1+ 38. Kg2 Be3 39. Rf1 Qd2+ 40. Kh3 Qxd4 41. Re1 Qe5 42. Rxf6 Qxf6 43. Rxe3 Kg7 44. Re6 Ng5+ 45. hxg5 Qxf5+ 46. Qg4 Qf1+ 47. Kh4 Qh1+ 48. Qh3 hxg5+ 49. Kg4 Qd1+ 50. Kxg5 1-0

[Event "50th La Roda Open 2024"]
[Site "La Roda"]
[Date "2024.03.31"]
[Round "8.9"]
[White "Dias, Ricardo Pedro Cruz"]
[Black "Cruz Lledo, Pablo"]
[Result "0-1"]
[ECO "B12"]
[WhiteElo "2216"]
[BlackElo "2353"]
[Annotator "RC"]
[PlyCount "64"]
[EventDate "2024.03.27"]
[EventType "swiss"]
[EventCountry "ESP"]
[SourceTitle "playchess.com"]
[Source "ChessBase"]
[SourceQuality "1"]
[TimeControl "5400+30"]

1. e4 c6 2. d4 d5 3. f3 dxe4 4. fxe4 e5 5. Nf3 Be6 6. c3 Nf6 7. Bd3 Nbd7 8. O-O Qb6 9. Kh1 Bd6 10. Qe2 O-O-O 11. Be3 Qc7 12. Na3 Rhe8 13. Qc2 Kb8 14. Rae1 a6 15. Bg1 Bxa2 16. c4 exd4 17. Bxd4 Ng4 18. h3 Nge5 19. Be2 Nf6 20. Bxe5 Bxe5 21. Nxe5 Qxe5 22. Bf3 h5 23. b4 g5 24. Qxa2 g4 25. b5 gxf3 26. gxf3 Rd3 27. bxc6 Qg3 28. Rb1 Rxa3 29. Rxb7+ Kc8 30. Qxa3 Qxh3+ 31. Kg1 Qg3+ 32. Kh1 Qh4+ 0-1

[Event "50th La Roda Open 2024"]
[Site "La Roda"]
[Date "2024.03.31"]
[Round "8.10"]
[White "Martinez Reyes, Pedro Ramon"]
[Black "Roquero Redondo, Miguel"]
[Result "1/2-1/2"]
[ECO "B44"]
[WhiteElo "2332"]
[BlackElo "2086"]
[Annotator "RC"]
[PlyCount "52"]
[EventDate "2024.03.27"]
[EventType "swiss"]
[EventCountry "ESP"]
[SourceTitle "playchess.com"]
[Source "ChessBase"]
[SourceQuality "1"]
[TimeControl "5400+30"]

1. c4 e6 2. e4 c5 3. Nf3 Nc6 4. d4 cxd4 5. Nxd4 Nf6 6. Nc3 Bb4 7. Qd3 a6 8. Nc2 Be7 9. Be2 O-O 10. Bf4 d6 11. O-O Qc7 12. b3 b6 13. Rfd1 Rd8 14. Rac1 Bb7 15. Ne3 Ne5 16. Qb1 Rac8 17. Bg3 Qb8 18. b4 Qa8 19. f3 Nh5 20. Bf2 Nf4 21. Bf1 h5 22. Na4 Nh3+ 23. gxh3 Nxf3+ 24. Kh1 Bxe4 25. Qb2 Nh4+ 26. Kg1 Nf3+ 1/2-1/2

[Event "50th La Roda Open 2024"]
[Site "La Roda"]
[Date "2024.03.31"]
[Round "8.11"]
[White "Jimenez Martinez, Jose Vicente"]
[Black "Buendia Pinar, Alvaro"]
[Result "1/2-1/2"]
[ECO "D37"]
[WhiteElo "2195"]
[BlackElo "2331"]
[Annotator "RC"]
[PlyCount "125"]
[EventDate "2024.03.27"]
[EventType "swiss"]
[EventCountry "ESP"]
[SourceTitle "playchess.com"]
[Source "ChessBase"]
[SourceQuality "1"]
[TimeControl "5400+30"]

1. d4 d5 2. c4 e6 3. Nc3 a6 4. cxd5 exd5 5. Nf3 Nf6 6. Bg5 Be6 7. e3 Nbd7 8. Bd3 Bd6 9. Bf4 Qe7 10. O-O O-O 11. Ne5 Nb6 12. Bg3 Nfd7 13. e4 Bxe5 14. dxe5 d4 15. Nd5 Nxd5 16. exd5 Bxd5 17. Qc2 c5 18. Bxh7+ Kh8 19. Be4 Nf6 20. Bxd5 Nxd5 21. Rae1 Nb4 22. Qe4 Rae8 23. Bh4 Qe6 24. f4 f5 25. Qxb7 Nc2 26. Re2 d3 27. Rd2 c4 28. b3 Nd4 29. Kh1 cxb3 30. axb3 Nxb3 31. Rb2 Nc5 32. Qf3 Qc4 33. Rd2 Rb8 34. Be7 Ne4 35. Rxd3 Rfc8 36. Bh4 Kg8 37. h3 a5 38. Rfd1 a4 39. Qh5 Qe6 40. Kh2 Ra8 41. Qf3 Rcb8 42. Qe3 Kh7 43. Rd4 Qg6 44. Rd6 Nxd6 45. Rxd6 Qh5 46. Bg5 Rb3 47. Qd2 Rc8 48. Rh6+ Qxh6 49. Bxh6 Kxh6 50. Qd7 Rbb8 51. Qxa4 g6 52. Qd7 Rd8 53. Qe7 Rd2 54. h4 Rh8 55. h5 Rg8 56. Qf7 Rg7 57. Qf6 Kh7 58. Qg5 gxh5 59. Qxh5+ Kg8 60. Qe8+ Kh7 61. Qh5+ Kg8 62. Qe8+ Kh7 63. Qh5+ 1/2-1/2

[Event "50th La Roda Open 2024"]
[Site "La Roda"]
[Date "2024.03.31"]
[Round "8.12"]
[White "Ramiro Ovejero, Juan Luis"]
[Black "Hapala, Elisabeth"]
[Result "1/2-1/2"]
[ECO "D03"]
[WhiteElo "2316"]
[BlackElo "2015"]
[Annotator "RC"]
[PlyCount "111"]
[EventDate "2024.03.27"]
[EventType "swiss"]
[EventCountry "ESP"]
[SourceTitle "playchess.com"]
[Source "ChessBase"]
[SourceQuality "1"]
[TimeControl "5400+30"]

1. d4 Nf6 2. Nf3 e6 3. Bg5 c5 4. e3 h6 5. Bh4 d5 6. Nbd2 Nbd7 7. c3 Bd6 8. Bd3 O-O 9. O-O b6 10. Re1 Bb7 11. e4 dxe4 12. Bxe4 Bxe4 13. Nxe4 Be7 14. Bxf6 Nxf6 15. Nxf6+ Bxf6 16. dxc5 bxc5 17. Qxd8 Rfxd8 18. Red1 Rxd1+ 19. Rxd1 Rb8 20. b3 Bxc3 21. Rd7 a5 22. g3 c4 23. bxc4 Rc8 24. h4 Rxc4 25. Rd8+ Kh7 26. h5 g6 27. hxg6+ Kxg6 28. Rd3 a4 29. Kf1 e5 30. Ke2 e4 31. Nh4+ Kg7 32. Rd6 Rc5 33. Ra6 Ra5 34. Rc6 Bf6 35. Rc4 Bxh4 36. gxh4 f5 37. f3 exf3+ 38. Kxf3 Kg6 39. Rc6+ Kh5 40. Kf4 a3 41. Rd6 Ra4+ 42. Kxf5 Rxh4 43. Rd3 Rh2 44. Rxa3 Rf2+ 45. Ke4 Kg4 46. Ra8 h5 47. a4 h4 48. a5 h3 49. Rg8+ Kh4 50. a6 Ra2 51. Kf4 Ra4+ 52. Kf3 Rxa6 53. Rh8+ Kg5 54. Rxh3 Ra3+ 55. Kg2 Rxh3 56. Kxh3 1/2-1/2